 Dungeon Crawl Stone Soup version 0.30-a0-937-ga0a21ad780 (webtiles) character file.

Game seed: 16461642095376215895

64 Demosthentine the Poker (level 3, -1/28 HPs)
             Began as a Demonspawn Gladiator on Mar 24, 2023.
             Slain by an orc priest
             ... wielding a +0 whip
              (2 damage)
             ... on level 3 of the Dungeon.
             The game lasted 00:01:28 (1676 turns).

Demosthentine the Poker (Demonspawn Gladiator)      Turns: 1676, Time: 00:01:28

Health: -1/28      AC:  5    Str: 16    XL:     3   Next: 91%
Magic:  3/3        EV: 12    Int:  9    God:
Gold:   78         SH:  0    Dex: 14    Spells: 2/2 levels left

rFire   + . .      SeeInvis .    a - +0 trident
rCold   + . .      Faith    .    (no shield)
rNeg    . . .      Spirit   .    b - +0 leather armour
rPois   +          Reflect  .    c - +1 helmet
rElec   +          Rampage  .    (no cloak)
rCorr   +                        (no gloves)
Will    .....                    (no boots)
Stlth   +                        (no amulet)
HPRegen 0.24/turn                (no ring)
MPRegen 0.08/turn                (no ring)

@: resistant
A: weakness stinger 1
a: no special abilities


You were on level 3 of the Dungeon.
You visited 1 branch of the dungeon, and saw 3 of its levels.

You collected 134 gold pieces.
You spent 56 gold pieces at shops.

Inventory:

Hand Weapons
 a - a +0 trident (weapon)
Missiles
 d - 3 throwing nets (quivered)
 e - a javelin
Armour
 b - a +0 leather armour (worn)
 c - a +1 helmet (worn)
 i - the +1 pair of gloves of Mookiaca {rElec rC- Str+5}
   (You found it on level 2 of the Dungeon)

   Str:       It affects your strength (+5).
   rC:        It makes you vulnerable to cold.
   rElec:     It insulates you from electricity.
Potions
 f - a potion of attraction
 g - a potion of brilliance
 h - a potion of resistance
 j - a potion of cancellation
 k - a potion of flight


   Skills:
 + Level 2.7 Fighting
 + Level 3.2 Polearms
 - Level 1.7 Throwing
 + Level 1.4 Armour
 + Level 3.1 Dodging


You had 2 spell levels left.
You didn't know any spells.
Your spell library contained the following spells:

 Spells                   Type           Power      Damage    Failure   Level
 Beastly Appendage        Tmut           0%         N/A       45%         1
 Wereblood                Tmut           0%         N/A       58%         2
 Spider Form              Tmut/Pois      0%         N/A       83%         3


Dungeon Overview and Level Annotations

Branches:
Dungeon (3/15)

Altars:
Xom

Shops:
D:1 ?


Innate Abilities, Weirdness & Mutations

You have a small tail.


Message History

The orc hits you but does no damage.
There are monsters nearby!
The adder hisses angrily.
You hit the orc but do no damage.
The orc is almost dead.
The orc priest looks encouraged for a moment.
Unknown command.
You hit the orc but do no damage.
The orc is almost dead.
The orc priest mumbles some strange prayers to Beogh against you.
Pain shoots through your body! The orc closely misses you.
Unknown command.
You hit the orc.
You kill the orc!
Unknown command.
You hit the orc priest but do no damage.
The orc priest invokes the aid of Beogh against you.
Pain shoots through your body!
Unknown command.
You barely miss the orc priest. The adder bites you.
The adder completely misses you.
The orc priest looks braver for a moment.
Unknown command.
It was a potion of resistance.
You feel protected. The adder closely misses you.
The orc wizard hits you with a +0 hand axe.
* * * LOW HITPOINT WARNING * * *
The orc priest closely misses you.
Unknown command.
The adder attacks as you move away! The adder bites you.
* * * LOW HITPOINT WARNING * * *
The orc wizard hits you with a +0 hand axe.
* * * LOW HITPOINT WARNING * * *
The orc priest hits you with a +0 whip.
* * * LOW HITPOINT WARNING * * *
The adder barely misses you.
The orc priest attacks as you move away!
The orc priest hits you with a +0 whip.
You die...

###.#.#### #..###.
........# ..#.. ........
..#.# ...... ##... .....
#...# #...##### ##...###
######o#......
....)†.####....oSo.#
.....#.......###@o.###
..<..........##......#
####.................#
........................
###..........##....##..#
#..#..............# #..
##.#.......##..>#.#.. ..
.......##.......#.#...
.......##.............#


You could see an orc priest, an orc wizard, an adder and 2 orcs.

Vanquished Creatures
  An adder (D:2)
  A worm (D:2)
  3 dart slugs
  An orc (D:3)
  6 endoplasms
  2 giant cockroaches
  4 goblins
  3 hobgoblins (D:1)
  A quokka (D:2)
  2 ball pythons (D:1)
  5 bats
  3 frilled lizards
  7 kobolds
  5 rats
44 creatures vanquished.

Notes
Turn   | Place    | Note
-------+----------+-------------------------------------------
     0 | D:1      | Demosthentine the Demonspawn Gladiator began the quest for
                  | the Orb.
     0 | D:1      | Reached XP level 1. HP: 16/16 MP: 1/1
   201 | D:1      | Gained mutation: You have a small tail. [demonic ancestry]
   201 | D:1      | Reached XP level 2. HP: 22/22 MP: 2/2
   228 | D:1      | Found a faded altar of an unknown god.
   308 | D:1      | Found Owkaf's Magic Scroll Shop.
   379 | D:1      | Bought a scroll of identify for 28 gold pieces
   482 | D:1      | Reached skill level 1 in Armour
   533 | D:1      | Reached XP level 3. HP: 25/28 MP: 3/3
   895 | D:1      | Bought a scroll of identify for 28 gold pieces
   909 | D:2      | Found a shimmering altar of Xom.
   976 | D:2      | Identified the +1 pair of gloves of Mookiaca {rElec rC-
                  | Str+5}
  1675 | D:3      | HP: 1/28 [orc priest/+0 whip (4)]
  1676 | D:3      | Slain by an orc priest

Illustrated notes

Levels and vault maps discovered:
D:1:      lightli_arrival_isolated_outpost, layout_basic, serial_shops, shop,
          hellmonk_ecumenical_altar_crossroads
D:2:      minmay_kobold_bridge, layout_loops_cross, basic_altar
D:3:      layout_rooms

Skill      XL: |  1  2 |
---------------+-------+-----
Armour         | 1 |  1.4
Polearms       | 3 |  3.2
Dodging        | 3 |  3.1
Fighting       | |  2.7
Throwing       | |  1.7

Action                     || total
---------------------------++-------
  Melee: Trident           ||   134
         Tailslap          ||     7
    Use: Scroll            ||     8
         Potion            ||     1
   Stab: Sleeping          ||     2
 Armour: Leather armour    ||    34
  Dodge: Dodged            ||    61

Table legend: (Time is in decaauts)
 A = Elapsed time spent in this place.
 B = Non-inter-level travel time spent in this place.
 C = Inter-level travel time spent in this place.
 D = Time resting spent in this place.
 E = Time spent auto-exploring this place.
 F = Levels seen in this place.
 G = Mean time per level.
                   A        B        C        D        E       F      G
               +--------+--------+--------+--------+--------+-----+--------+
         Total |   1699 |   1656 |     43 |      0 |   1340 |   3 |  566.3 |
       Dungeon |   1699 |   1656 |     43 |      0 |   1340 |   3 |  566.3 |
               +--------+--------+--------+--------+--------+-----+--------+

Top non-repeatable levels by time:
     D:1: 919 daAuts
     D:2: 719 daAuts
     D:3: 60 daAuts
